 Dungeon Crawl Stone Soup version 0.30-a0-1160-g6e42c06551 (webtiles) character file.

Game seed: 5865064446748311675

146 halvedace the Shield-Bearer (level 5, -1/47 HPs)
             Began as a Minotaur Fighter on Apr 25, 2023.
             Killed by divine providence
             ... invoked by an orc priest
              (12 damage)
             ... on level 3 of the Dungeon.
             The game lasted 00:04:58 (1403 turns).

halvedace the Shield-Bearer (Minotaur Fighter)      Turns: 1403, Time: 00:04:59

Health: -1/47      AC: 10    Str: 22    XL:     5   Next: 7%
Magic:  4/4        EV:  8    Int:  5    God:
Gold:   140        SH:  4    Dex: 10    Spells: 4/4 levels left

rFire   . . .        a - +0 war axe
rCold   . . .        c - +0 buckler
rNeg    . . .        f - +1 chain mail
rPois   .            (helmet restricted)
rElec   .            (no cloak)
rCorr   .            (no gloves)
SInv    .            (no boots)
Will    .....        (no amulet) Stlth
                     (no ring)
HPRegen 0.27/turn    (no ring)
MPRegen 0.09/turn

%: no passive effects
@: no status effects
A: horns 2, retaliatory headbutt
a: no special abilities


You were on level 3 of the Dungeon.
You visited 1 branch of the dungeon, and saw 3 of its levels.

You collected 140 gold pieces.

Inventory:

Hand Weapons
 a - a +0 war axe (weapon)
Missiles
 g - 5 silver boomerangs (quivered)
Armour
 c - a +0 buckler (worn)
 f - a +1 chain mail (worn)
Potions
 b - a potion of cancellation
 d - 2 potions of might
 e - a potion of invisibility
 h - a potion of magic
 i - a potion of resistance {unknown}
 j - a potion of haste {unknown}


   Skills:
 + Level 4.4 Fighting
 * Level 4.4 Axes
 + Level 4.4 Armour
 + Level 4.5 Shields


You had 4 spell levels left.
You didn't know any spells.
Your spell library contained the following spells:

 Spells                   Type           Power      Damage    Failure   Level
 Magic Dart               Conj           0%         1d3       99%         1
 Searing Ray              Conj           0%         2d4       99%         2
 Fulminant Prism          Conj/Hex       0%         3d5       100%        4


Dungeon Overview and Level Annotations

Branches:
Dungeon (3/15)

Altars:
Fedhas


Innate Abilities, Weirdness & Mutations

You have a pair of horns on your head.
You reflexively headbutt those who attack you in melee.


Message History

Beogh smites you!
* * * LOW HITPOINT WARNING * * *
The orc priest attacks as you move away!
The orc priest hits you but does no damage.
There is a stone staircase leading up here.
The orc priest hits you with a +0 hand axe.
* * * LOW HITPOINT WARNING * * *
You slash the orc priest!
The orc priest is heavily wounded.
The orc priest calls upon Beogh to heal the orc.
The orc's wounds heal themselves!
You hit the orc priest.
The orc priest is severely wounded.
You hit the orc priest but do no damage.
The orc priest is severely wounded.
You hit the orc.
The orc priest calls upon Beogh to heal the orc.
The orc's wounds heal themselves!
You slash the orc priest!
You kill the orc priest!
You closely miss the orc. The orc barely misses you. You furiously retaliate!
You headbutt the orc.
You have reached level 5!
You barely miss the orc. You hit the orc but do no damage.
You block the orc's attack. The orc barely misses you. You furiously retaliate!
You headbutt the orc. The orc barely misses you. You furiously retaliate!
You headbutt the orc.
You kill the orc!
The orc completely misses you. You furiously retaliate!
You headbutt the orc.
You kill the orc!
You slash the orc!
You kill the orc!
The orc priest closely misses you.
Items here: ))) [[[ ††.
The orc priest hits you but does no damage.
There is a stone staircase leading up here.
You closely miss the orc priest.
The orc priest invokes the aid of Beogh against you.
Beogh smites you!
You die...

# #.#.# .. #...# ####.#
#...###### ....#
#........#
###..###...###.#####
..#................#
..#...##.......###.#
..#...........)###.#
..#....#.......)@..#
..#....#########o###
..#....####...........#
........>.....#..######
#.#.......... ...#
#.#......... ....#
#.#....#.##.###..#
#.#...##.# #..# #.#.#.#
# #..#


You could see an orc priest.

Vanquished Creatures
  An orc priest (D:3)
  4 gnolls (D:3)
  3 adders
  3 dart slugs
  3 orcs (D:3)
  3 endoplasms
  2 giant cockroaches (D:3)
  5 hobgoblins
  A quokka (D:2)
  2 ball pythons (D:2)
  4 bats
  2 frilled lizards (D:1)
  2 goblins (D:2)
  5 kobolds
  6 rats
46 creatures vanquished.

Vanquished Creatures (others)
  A plant (D:1)
1 creature vanquished.

Grand Total: 47 creatures vanquished

Notes
Turn   | Place    | Note
-------+----------+-------------------------------------------
     0 | D:1      | halvedace the Minotaur Fighter began the quest for the Orb.
     0 | D:1      | Reached XP level 1. HP: 19/19 MP: 0/0
   158 | D:1      | Reached XP level 2. HP: 27/27 MP: 1/1
   783 | D:2      | Reached XP level 3. HP: 33/33 MP: 2/2
  1027 | D:2      | Found a blossoming altar of Fedhas.
  1220 | D:3      | Reached XP level 4. HP: 25/40 MP: 3/3
  1341 | D:3      | Found a faded altar of an unknown god.
  1399 | D:3      | Reached XP level 5. HP: 10/47 MP: 4/4
  1403 | D:3      | Killed from afar by an orc priest

Illustrated notes

Levels and vault maps discovered:
D:1:      lightli_arrival_flooded_house, layout_rooms, serial_forest,
          infiniplex_forest_lined_3_way, infiniplex_forest_straight_1,
          infiniplex_forest_clump_cross, infiniplex_forest_diagonal,
          infiniplex_forest_clump_long, infiniplex_forest_straight_2,
          hangedman_decor_growths, minmay_liquid_box,
          amcnicky_mini_corridor_feature, hangedman_glass_teeth
D:2:      layout_rooms, basic_altar
D:3:      layout_basic, shapermc_ecumenical_altar_mp_highgroup,
          chequers_serial_rivers_small_a, chequers_garden,
          kennysheep_minor_cross, minivault_14, minmay_bisected

Skill      XL: |  1  2  3  4 |
---------------+-------------+-----
Axes           | 3 4 |  4.4
Fighting       | 4 |  4.4
Armour         | 4 |  4.4
Shields        | 4 |  4.5

Action                     |  1- 3 |  4- 6 || total
---------------------------+-------+-------++-------
  Melee: War axe           |    73 |    21 ||    94
         Headbutt          |     7 |     2 ||     9
    Use: Potion            |     2 |       ||     2
         Scroll            |    10 |       ||    10
 Armour: Scale mail        |     3 |       ||     3
         Chain mail        |    33 |     9 ||    42
  Dodge: Dodged            |    31 |    13 ||    44
  Block: Buckler           |    16 |     5 ||    21

Table legend: (Time is in decaauts)
 A = Elapsed time spent in this place.
 B = Non-inter-level travel time spent in this place.
 C = Inter-level travel time spent in this place.
 D = Time resting spent in this place.
 E = Time spent auto-exploring this place.
 F = Levels seen in this place.
 G = Mean time per level.
                   A        B        C        D        E       F      G
               +--------+--------+--------+--------+--------+-----+--------+
         Total |   1441 |   1420 |     21 |     49 |    743 |   3 |  480.3 |
       Dungeon |   1441 |   1420 |     21 |     49 |    743 |   3 |  480.3 |
               +--------+--------+--------+--------+--------+-----+--------+

Top non-repeatable levels by time:
     D:1: 775 daAuts
     D:2: 425 daAuts
     D:3: 240 daAuts
